 Dungeon Crawl Stone Soup version 0.27.1-1-g398f81649c (webtiles) character file.

Game seed: 13971906975634563694

49 MisterFreud the Shield-Bearer (level 3, -1/35 HPs)
             Began as a Gnoll Fighter on Sept 15, 2021.
             Killed by nerve-wracking pain
             ... invoked by Jessica
              (13 damage)
             ... on level 3 of the Dungeon.
             The game lasted 00:01:19 (1126 turns).

MisterFreud the Shield-Bearer (Gnoll Fighter)       Turns: 1126, Time: 00:01:20

Health: -1/35      AC: 11    Str: 15    XL:     3   Next: 77%
Magic:  4/4        EV:  8    Int:  8    God:
Gold:   85         SH: 11    Dex: 11    Spells: 3/3 levels left

rFire    . . .     SeeInvis .   a - +0 rapier
rCold    . . .     Faith    .   c - +1 kite shield
rNeg     . . .     Spirit   .   b - +0 scale mail
rPois    .         Reflect  .   (no helmet)
rElec    .         Harm     .   (no cloak)
rCorr    .         Rampage  .   (no gloves)
Will     .....                  (no boots)
Stlth    ..........             (no amulet)
HPRegen  0.11/turn              f - +4 ring of protection
MPRegen  0.09/turn              (no ring)

@: weak-willed
A: fangs 1, strong nose, distributed training
a: no special abilities


You were on level 3 of the Dungeon.
You visited 1 branch of the dungeon, and saw 3 of its levels.

You collected 85 gold pieces.

Inventory:

Hand Weapons
 a - a +0 rapier (weapon)
Armour
 b - a +0 scale mail (worn)
 c - a +1 kite shield (worn)
Jewellery
 f - a +4 ring of protection (left hand)
Scrolls
 i - a scroll of noise {unknown}
Potions
 d - a potion of might
 g - a potion of heal wounds {unknown}


   Skills:
 + Level 6.5 Fighting
 + Level 4.5 Short Blades
 + Level 0.9 Long Blades
 + Level 0.9 Axes
 + Level 0.9 Maces & Flails
 + Level 0.9 Polearms
 + Level 0.9 Staves
 + Level 0.9 Slings
 + Level 0.9 Bows
 + Level 0.9 Crossbows
 + Level 0.9 Throwing
 + Level 6.5 Armour
 + Level 0.9 Dodging
 + Level 0.9 Stealth
 + Level 6.5 Shields
 + Level 0.9 Unarmed Combat
 + Level 0.9 Spellcasting
 + Level 0.6 Conjurations
 + Level 0.6 Hexes
 + Level 0.6 Summonings
 + Level 0.6 Necromancy
 + Level 0.6 Translocations
 + Level 0.6 Transmutations
 + Level 0.6 Fire Magic
 + Level 0.6 Ice Magic
 + Level 0.6 Air Magic
 + Level 0.6 Earth Magic
 + Level 0.6 Poison Magic
 + Level 1.0 Invocations
 + Level 0.9 Evocations


You had 3 spell levels left.
You didn't know any spells.
Your spell library contained the following spells:

 Spells                   Type           Power      Damage    Failure   Level
 Animate Dead             Necr           0%         N/A       100%        4
 Haunt                    Necr/Summ      0%         N/A       100%        7
 Infestation              Necr           0%         N/A       100%        8


Dungeon Overview and Level Annotations

Branches:
Dungeon (2/15)

Altars:

Annotations:
D:3 Jessica, Robin


Innate Abilities, Weirdness & Mutations

You have very sharp teeth.
Your uncanny sense of smell can sniff out nearby items.
Your experience applies equally to all skills.


Message History

You see here a +0 whip.
Robin throws the goblin at you!
You hit the goblin.
You kill the goblin!
Robin throws the goblin at you! You block the kobold's attack.
The goblin barely misses you.
Jessica gestures wildly while chanting.
Jessica blinks!
You completely miss the kobold. You block the kobold's attack.
The goblin completely misses you.
Jessica points at you and mumbles some strange words.
You resist with some effort.
Your scale mail prevents you from hitting Jessica.
The kobold hits you but does no damage. You block the goblin's attack.
Jessica casts a spell at you. Pain shoots through your body!
You closely miss the kobold.
A goblin comes into view. It is wielding a +0 dagger.
The kobold hits you with a +0 whip.
A hobgoblin comes into view.
The goblin closely misses you. You block Jessica's attack.
You hit Jessica. Your bite misses Jessica.
Jessica is moderately wounded.
The goblin no longer looks unusually strong.
You block the kobold's attack. You block the goblin's attack.
Jessica points at you and mumbles some strange words.
Pain shoots through your body!
Unknown command.
As you read the scroll labelled HUN CEULUEJIOHAD, it crumbles to dust.
It is a scroll of enchant armour.
Your +0 kite shield glows green for a moment.
The goblin no longer looks unusually strong. x2
You block the kobold's attack. You block the goblin's attack.
You block Jessica's attack.
As you read the scroll labelled LOTETO XOEC, it crumbles to dust.
Magic quickly surges around you.
It was a scroll of vulnerability.
The kobold barely misses you. The goblin hits you with a +0 club.
Jessica gestures at you while chanting. Pain shoots through your body!
You die...

#.###.....#
#.........#
#......# .
##......##..
#...g#......
#....##..#.g
#.#...g..#
#@##ggg..#
#g@Kgg#.....
####g.##..@.
#......#.
#.####.# #.#
. #.# #.#
#.#


You could see Robin (weak-willed), Jessica (weak-willed), 2 hobgoblins, 5
goblins and a kobold (weak-willed).

Vanquished Creatures
  An adder (D:2)
  2 worms (D:2)
  A dart slug (D:1)
  2 endoplasms
  A giant cockroach (D:2)
  3 goblins
  6 hobgoblins
  A jackal (D:2)
  A quokka (D:2)
  2 ball pythons (D:1)
  4 bats (D:1)
  4 kobolds
  3 rats (D:1)
31 creatures vanquished.

Notes
Turn   | Place    | Note
-------+----------+-------------------------------------------
     0 | D:1      | MisterFreud the Gnoll Fighter began the quest for the Orb.
     0 | D:1      | Reached XP level 1. HP: 23/23 MP: 1/1
   255 | D:1      | Reached XP level 2. HP: 29/29 MP: 2/2
   815 | D:2      | Reached XP level 3. HP: 35/35 MP: 2/4
   969 | D:2      | Reached skill level 1 in Invocations
  1108 | D:2      | Found a faded altar of an unknown god.
  1110 | D:2      | You fall into a shaft and drop 1 floor!
  1112 | D:3      | Noticed Robin
  1114 | D:3      | Noticed Jessica
  1126 | D:3      | Killed from afar by Jessica

Illustrated notes

Levels and vault maps discovered:
D:1:      wander_arrival_peaceful_grave, layout_basic
D:2:      layout_basic, ebering_ecumenical_altar_mist,
          hangedman_abyss_or_decor_stabs
D:3:      layout_loops_ring, riverfiend_overflow_shadow_ancestor,
          nicolae_sif_muna_condensation, old_standard_altar,
          nicolae_ru_path_of_blood, mainiacjoe_overflow_small_starburst,
          mainiacjoe_overflow_alcove_4, serial_shops, nicolae_shop_trees,
          hangedman_decor_points, uniq_robin, uniq_jessica, uniq_grinder,
          uniq_crazy_yiuf_cottage

Skill      XL: |  1  2  3 |
---------------+----------+-----
Invocations    | 1 |  1.0
Fighting       | |  6.5
Short Blades   | |  4.5
Long Blades    | |  0.9
Axes           | |  0.9
Maces & Flails | |  0.9
Polearms       | |  0.9
Staves         | |  0.9
Slings         | |  0.9
Bows           | |  0.9
Crossbows      | |  0.9
Throwing       | |  0.9
Armour         | |  6.5
Dodging        | |  0.9
Stealth        | |  0.9
Shields        | |  6.5
Unarmed Combat | |  0.9
Spellcasting   | |  0.9
Conjurations   | |  0.6
Hexes          | |  0.6
Summonings     | |  0.6
Necromancy     | |  0.6
Translocations | |  0.6
Transmutations | |  0.6
Fire Magic     | |  0.6
Ice Magic      | |  0.6
Air Magic      | |  0.6
Earth Magic    | |  0.6
Poison Magic   | |  0.6
Evocations     | |  0.9

Action                   || total
-------------------------++-------
Melee: Rapier            ||    91
       Bite              ||     6
  Use: Scroll            ||     2
Armor: Scale mail        ||    38
Dodge: Dodged            ||    23
Block: Kite shield       ||    56
